Selects Indian Artillery Battlegroup
Construct Section Command Post
Construct Platoon Command Post
Unlock M3 Stuart Light Tanks
Selects Gurkha Rifles Section
Construct Company Command Post
Selects Artillery Saturation
Selects Towed ML 4.2-inch Heavy Mortar
Selects Off-map Airburst Barrage
Selects BL5.5 Artillery Emplacement
Selects BL5.5 Artillery Emplacement
Selects Volunteer Infantry
Selects BL5.5 Artillery Emplacement